 Dungeon Crawl Stone Soup version 0.25-a0-200-g5ba96148f3 (webtiles) character file.

Game seed: 11025238021373754034, levelgen mode: deterministic

2272 Lanoc the Shooter (level 9, -7/75 HPs)
             Began as a Centaur Berserker on Dec 1, 2019.
             Was an Elder of Trog.
             Killed by divine providence
             ... invoked by an orc priest
              (13 damage)
             ... on level 6 of the Dungeon.
             The game lasted 00:09:50 (4301 turns).

Lanoc the Shooter (Centaur Berserker)               Turns: 4301, Time: 00:09:52

Health: -7/75      AC:  7    Str: 22    XL:     9   Next: 16%
Magic:  9/9        EV: 11    Int:  6    God:    Trog [****..]
Gold:   327        SH:  0    Dex: 12    Spells: 8/8 levels left

rFire    . . .     SeeInvis .   a - +0 spear
rCold    . . .     Gourm    .   (no shield)
rNeg     . . .     Faith    .   H - +0 animal skin
rPois    .         Spirit   .   x - +2 helmet
rElec    .         Reflect  .   (no cloak)
rCorr    .         Harm     .   (no gloves)
MR       +++..                  (no barding)
Stlth    +.........             i - amulet of regeneration
HPRegen  1.62/turn              E - ring of protection from magic
MPRegen  0.11/turn              o - +2 ring of strength

@: berserk cooldown, regenerating, slowed
A: large, hooves 3, deformed body, speed 2, tough skin 3
a: Berserk, Trog's Hand, Brothers in Arms, Renounce Religion


You were on level 6 of the Dungeon.
You worshipped Trog.
Trog was greatly pleased with you.
You were not hungry.

You visited 2 branches of the dungeon, and saw 7 of its levels.

You collected 327 gold pieces.

Inventory:

Hand Weapons
 a - a +0 spear (weapon)
 b - a +0 shortbow
 C - a +0 trident
Missiles
 g - 62 poisoned darts (quivered)
 m - 42 arrows
Armour
 x - a +2 helmet (worn)
 H - a +0 animal skin (worn)
Jewellery
 i - an amulet of regeneration (around neck)
 o - a +2 ring of strength (right hand)
 z - an uncursed ring of flight
 E - a ring of protection from magic (left hand)
Wands
 l - a wand of polymorph (6)
 q - a wand of random effects (15)
 F - a wand of disintegration (17)
 G - a wand of paralysis (6)
Scrolls
 d - 2 scrolls of amnesia {unknown}
 j - a scroll of enchant armour {unknown}
 n - a scroll of noise {unknown}
 r - 6 scrolls of teleportation {unknown}
 u - a scroll of immolation {unknown}
 w - 6 scrolls of identify {unknown}
 y - 2 scrolls of enchant weapon {unknown}
 D - a scroll of blinking {unknown}
 I - a scroll of fear {unknown}
Potions
 e - 2 potions of mutation {unknown}
 f - 2 potions of lignification {unknown}
 h - a potion of magic {unknown}
 k - 2 potions of haste {unknown}
 p - 5 potions of curing {unknown}
 t - a potion of agility {unknown}
 v - a potion of resistance {unknown}
 A - 2 potions of degeneration {unknown}
 B - a potion of ambrosia {unknown}
Comestibles
 c - 10 rations


   Skills:
 + Level 6.2 Fighting
 - Level 4.7 Polearms
 * Level 6.6 Bows
 + Level 4.4 Armour
 + Level 4.3 Dodging
   Level 2.3 Shields


You had 8 spell levels left.
You didn't know any spells.
Your spell library was empty.

Dungeon Overview and Level Annotations

Branches:
Dungeon (6/15)             Temple (1/1) D:4

Altars:
Ashenzari
Fedhas
Gozag
Hepliaklqana
Okawaru
Ru
Uskayaw


Innate Abilities, Weirdness & Mutations

You have hooves in place of feet.
Armour fits poorly on your strangely shaped body.
You cover ground very quickly.
You have extremely tough skin. (AC +3)


Message History

The orc priest hits you but does no damage.
You eat one of the 11 rations.
That ration really hit the spot!
The orc priest calls down the wrath of Beogh upon you.
Beogh smites you!
* * * LOW HITPOINT WARNING * * *
The orc priest miscasts a cantrip.
The orc priest hits you but does no damage.
Your skin crawls.
You feel resistant to hostile enchantments.
You feel somewhat more hungry. The orc priest closely misses you.
The orc priest hits you but does no damage.
The orc priest hits you from afar with a +0 trident.
* * * LOW HITPOINT WARNING * * *
You fail to use your ability.
The orc priest invokes the aid of Beogh against you.
Beogh smites you!
* * * LOW HITPOINT WARNING * * *
The orc priest calls down the wrath of Beogh upon you.
Beogh smites you!
You die...

#...... #.. .......
#.. ....(.. #..
....(.. #.. .$... #..
.).## ###..
#o)#############....
#)o.##8..#..........
##.@##_.............
##))#8..#.......... .
##.###########.... ..
#................
...###................
#.....................
#...............)....
#...)................
###...<###########...


You could see 2 orc priests.

Vanquished Creatures
  Pikel (D:6)
  Eustachio (D:3)
  Edmund (D:3)
  An orc warrior (D:6)
  A phantom (D:6)
  A sky beast (D:6)
  An ogre (D:6)
  2 centaurs
  A bullfrog (D:3)
  A water moccasin zombie (D:6)
  A scorpion (D:5)
  A howler monkey (D:3)
  3 crimson imps
  2 orc priests
  2 hounds (D:4)
  2 iguanas (D:5)
  Jessica (D:3)
  Natasha (D:3)
  3 orc wizards
  4 worker ants
  A hound zombie (D:6)
  3 worker ant zombies
  A howler monkey zombie (D:5)
  5 gnolls
  8 adders
  2 shadow imps
  An ooze (D:5)
  An adder skeleton (D:4)
  An adder zombie (D:5)
  A worm (D:4)
  4 dart slugs
  7 leopard geckos
  25 orcs
  5 giant cockroaches
  7 goblins
  9 hobgoblins
  10 jackals
  7 kobolds
  4 ball pythons
  7 bats
  6 frilled lizards
  A leopard gecko zombie (D:6)
  11 rats
158 creatures vanquished.

Vanquished Creatures (others)
  A slave (D:6)
  A black bear (D:6)
  A bullfrog (D:6)
  An iguana (D:6)
  3 gnolls (D:6)
  An orc (D:6)
8 creatures vanquished.

Grand Total: 166 creatures vanquished

Notes
Turn   | Place    | Note
-------+----------+-------------------------------------------
     0 | D:1      | Lanoc the Centaur Berserker began the quest for the Orb.
     0 | D:1      | Reached XP level 1. HP: 19/19 MP: 1/1
   110 | D:1      | Reached XP level 2. HP: 13/26 MP: 2/2
   785 | D:2      | Reached XP level 3. HP: 31/31 MP: 3/3
   842 | D:2      | Reached ** piety under Trog
  1007 | D:2      | Reached XP level 4. HP: 36/38 MP: 4/4
  1705 | D:3      | Noticed a bullfrog
  1714 | D:3      | Killed a bullfrog
  1714 | D:3      | Reached XP level 5. HP: 17/46 MP: 5/5
  1819 | D:3      | Reached *** piety under Trog
  1854 | D:3      | Found a shattered altar of Ashenzari.
  1854 | D:3      | Found a blossoming altar of Fedhas.
  1859 | D:3      | Found a hazy altar of Hepliaklqana.
  1861 | D:3      | Found a faded altar of an unknown god.
  1863 | D:3      | Found a faded altar of an unknown god.
  2012 | D:3      | Found a sacrificial altar of Ru.
  2025 | D:3      | Reached skill level 1 in Shields
  2028 | D:3      | Reached XP level 6. HP: 44/52 MP: 6/6
  2133 | D:3      | Noticed Jessica
  2143 | D:3      | Killed Jessica
  2274 | D:3      | Found a faded altar of an unknown god.
  2293 | D:3      | Noticed Natasha
  2306 | D:3      | Killed Natasha
  2465 | D:4      | Noticed Edmund
  2465 | D:4      | Noticed Eustachio
  2477 | D:3      | Killed Edmund
  2555 | D:3      | Killed Eustachio
  2555 | D:3      | Reached XP level 7. HP: 52/60 MP: 7/7
  2663 | D:4      | Found a hide-covered altar of Uskayaw.
  2748 | D:4      | Found a staircase to the Ecumenical Temple.
  2769 | Temple   | Entered the Ecumenical Temple
  2791 | D:4      | Found an iron altar of Okawaru.
  3137 | D:5      | Entered Level 5 of the Dungeon
  3146 | D:5      | Reached **** piety under Trog
  3319 | D:5      | Reached skill level 5 in Fighting
  3361 | D:5      | Reached skill level 1 in Bows
  3363 | D:5      | Reached XP level 8. HP: 46/68 MP: 8/8
  3810 | D:6      | Found an opulent altar of Gozag.
  3878 | D:6      | Noticed Pikel
  3891 | D:6      | Killed Pikel
  3891 | D:6      | Reached skill level 5 in Bows
  4063 | D:6      | Reached XP level 9. HP: 68/75 MP: 9/9
  4301 | D:6      | Killed from afar by an orc priest

Levels and vault maps discovered:
D:1:      lemuel_arrival_broad_hall, layout_loops_cross
D:2:      layout_basic, minmay_fractal_squares_gapless_5
D:3:      layout_loops_ring, nicolae_ru_great_annihilating_truth,
          chequers_temple_overflow_minitemple, chequers_ecumenical_altar_grove,
          first_ration, uniq_natasha, uniq_jessica
D:4:      layout_cave_pools, eat_drink_and_be_merry_uskayaw,
          minmay_temple_entry_mini_moons, okawaru_metal_pillars_1_2,
          uniq_edmund, uniq_eustachio
D:5:      layout_rooms
D:6:      layout_layer_cave, roderic_lattice_a, grunt_gozag_breadcrumbs,
          uniq_pikel, uniq_crazy_yiuf_cottage
Temple:   oiseaux_autumnal_temple

Skill      XL: |  1  2  3  4  5  6  7  8  9 |
---------------+----------------------------+-----
Polearms       | 3 4 |  4.7
Armour         | 2 3 4 |  4.4
Dodging        | 2 3 4 |  4.3
Fighting       | 4 5 6 |  6.2
Shields        | 1 2 |  2.3
Bows           | 1 5 6 |  6.6

Action                   |  1- 3 |  4- 6 |  7- 9 || total
-------------------------+-------+-------+-------++-------
Melee: Spear             |   121 |   247 |   177 ||   545
       Kick              |    24 |    51 |    50 ||   125
 Fire: Shortbow          |       |       |   107 ||   107
Invok: Berserk           |       |     2 |     7 ||     9
       Trog's Hand       |       |       |     1 ||     1
 Stab: Sleeping          |       |     2 |       ||     2
       Invisible         |       |     1 |       ||     1
  Eat: Chunk             |       |     5 |    10 ||    15
       Ration            |       |       |     1 ||     1
Armor: Animal skin       |    25 |    69 |    56 ||   150
Dodge: Dodged            |    43 |   109 |   102 ||   254
Block: Buckler           |       |    49 |    16 ||    65

Table legend:
 A = Non-vault XP
 B = Vault XP
 C = Vault XP percentage of total XP
 D = Non-vault monster count
 E = Vault monster count
 F = Vault count percentage of total count
                 A         B        C        D         E       F
            +---------+---------+-------+---------+---------+-------
      Total |    2141 |    1105 |  34.0 |     147 |      13 |   8.1
            +---------+---------+-------+---------+---------+-------
        D:1 |      40 |       0 |   0.0 |      23 |       0 |   0.0
        D:2 |     102 |       7 |   6.4 |      29 |       4 |  12.1
        D:3 |     290 |     481 |  62.4 |      35 |       8 |  18.6
        D:4 |     217 |       0 |   0.0 |      15 |       0 |   0.0
        D:5 |     474 |       0 |   0.0 |      16 |       0 |   0.0
        D:6 |    1018 |     617 |  37.7 |      29 |       1 |   3.3
            +---------+---------+-------+---------+---------+-------
